 Dungeon Crawl Stone Soup version 0.16.0-17-g811c1d7 (console) character file.

510 gw the Conjurer (level 6, -4/57 HPs)
             Began as a Troll Conjurer on Mar 22, 2015.
             Slain by a slave (6 damage)
             ... led by Pikel
             ... on level 4 of the Dungeon.
             The game lasted 00:05:44 (5507 turns).

gw the Conjurer (Troll Conjurer)                    Turns: 5507, Time: 00:05:44

Health: -4/57      AC:  9    Str: 17    XL:     6   Next: 98%
Magic:  0/9        EV: 10    Int: 13    God:
Gold:   137        SH:  0    Dex: 10    Spells: 4 memorised, 1 level left

rFire  . . .     SeeInvis .       - Unarmed
rCold  . . .     Clarity  .     r - +4 robe "Psonoang" {Contam +Inv rPois MR+}
rNeg   . . .     SustAb   +     (shield restricted)
rPois  +         Gourm    +     (helmet restricted)
rElec  .         Spirit   .     (no cloak)
rCorr  .         Warding  .     (gloves unavailable)
rMut   .         Stasis   .     (boots unavailable)
MR     +....                    (no amulet)
Stlth  +.........               (no ring)
                                i - ring of sustain abilities

@: somewhat resistant to hostile enchantments, very unstealthy
A: unfitting armour, claws 3, fast metabolism 3, gourmand, regeneration 2,
shaggy fur 1, tough skin 2
a: Evoke Invisibility


You were on level 4 of the Dungeon.
You were very full.

You visited 1 branch of the dungeon, and saw 4 of its levels.

You collected 137 gold pieces.

Inventory:

Missiles
 d - 140 stones (quivered)
 n - 9 poisoned needles
Armour
 r - the +4 robe "Psonoang" (worn) {Contam +Inv rPois MR+}
   (You found it on level 4 of the Dungeon)

   It protects you from poison.
   It affects your resistance to hostile enchantments.
   It lets you turn invisible.
   It causes magical contamination when unequipped.
Jewellery
 i - a ring of sustain abilities (left claw)
Magical devices
 o - a wand of slowing (19)
Scrolls
 f - 2 scrolls of remove curse
 k - 2 scrolls of enchant armour
 m - a scroll of identify
Potions
 e - a potion of mutation
 j - 2 potions of curing
Books
 c - a book of Conjurations

   Spells                             Type                      Level
   a - Magic Dart                     Conjuration                  1
   b - Searing Ray                    Conjuration                  2
   c - Dazzling Spray                 Conjuration/Hexes            3
   d - Fulminant Prism                Conjuration/Hexes            4
   e - Iskenderun's Mystic Blast      Conjuration                  4
   f - Iskenderun's Battlesphere      Conjuration/Charms           5
 g - a book of Unlife

   Spells                             Type                      Level
   a - Recall                         Summoning/Translocation      3
   b - Animate Dead                   Necromancy                   4
   c - Control Undead                 Necromancy                   4
   d - Cigotuvi's Embrace             Necromancy                   5
   e - Death Channel                  Necromancy                   6
   f - Simulacrum                     Ice/Necromancy               6
Comestibles
 a - 3 fruits
 b - 3 meat rations
 h - a chunk of flesh
 q - a beef jerky


   Skills:
 + Level 1.8 Fighting
 + Level 3.0 Dodging
 - Level 1.1 Stealth
 + Level 2.4 Unarmed Combat
 * Level 3.0 Spellcasting
 + Level 3.8 Conjurations


You had one spell level left.
You knew the following spells:

 Your Spells              Type           Power        Failure   Level  Hunger
a - Magic Dart            Conj           ##..         6%          1    #......
b - Searing Ray           Conj           ##....       10%         2    ###....
c - Dazzling Spray        Conj/Hex       #.......     34%         3    ###....
d - Iskenderun's Mystic   Conj           ##......     50%         4    #####..


Dungeon Overview and Level Annotations

Branches:
Dungeon (4/15)
 Temple: D:4-7

Altars:
Cheibriados
Elyvilon
Makhleb
Okawaru
Qazlal
Ru
Yredelemnul

Annotations:
D:4 Pikel


Innate Abilities, Weirdness & Mutations

You are too large for most types of armour.
You have claws for hands.
Your metabolism is lightning-fast.
You like to eat raw meat.
You heal very quickly.
You are covered in fur (AC +1).
You have very tough skin (AC +2).


Message History

Unknown command.
Casting: Magic Dart
Confirm with . or Enter, or press ? or * to list all spells.
Aiming: Magic Dart
Press: ? - help, Shift-Dir - straight line, f/p - slave
Aim: a slave, wearing an animal skin (heavily wounded, bleeding)
The magic dart hits the slave.
The slave is severely wounded.
Pikel barely misses you. The slave barely misses you. The slave hits you.
The slave hits you but does no damage.
Unknown command.
Unknown command.
Unknown command.
Unknown command.
FLEEEEING!
ATTACKING (0,-1)
You closely miss the slave.
The slave is severely wounded.
The slave hits you! Pikel misses you. The slave hits you.
You die...

###### #....########### ######
#....'.........# .....
#....#.........+ . ....
####....###+##p#### +# #. #..
#.........<...#Tp.##
..###..###'
..........)..#pK..#....#....'..
..........)..#....'....#....#..
.............+....#....+. #..
............#+#### #..##+ ##'
+####+##......# .##..##..
#......+ ......... +......#
......... #......###
##+##+####'


You could see Pikel and 3 slaves.

Table legend:
 A = Turns spent in this place as a percentage of turns spent in the entire game.
 B = Non-inter-level travel turns spent in this place as a percentage of non-inter-level travel turns spent in the entire game.
 C = Inter-level travel turns spent in this place as a percentage of turns spent in this place.
 D = Turns resting spent in this place as a percentage of non-inter-level travel turns spent in this place.
 E = Turns spent auto-exploring this place as a percentage of non-inter-level travel turns spent in this place.
 F = Non-inter-level travel turns spent in this place divided by the number of levels of this place that you've seen.
                   A       B       C       D       E      F
               +-------+-------+-------+-------+-------+----------------------
         Total | 100.0 | 100.0 |   1.5 |   2.9 |   2.2 | 1786.8
       Dungeon | 100.0 | 100.0 |   1.5 |   2.9 |   2.2 | 1786.8
               +-------+-------+-------+-------+-------+----------------------

Table legend:
 A = Kills in this place as a percentage of kills in entire the game.
 B = Kills by you in this place as a percentage of kills by you in the entire game.
 C = Kills by friends in this place as a percentage of kills by friends in the entire game.
 D = Other kills in this place as a percentage of other kills in the entire game.
 E = Experience gained in this place as a percentage of experience gained in the entire game.
 F = Experience gained in this place divided by the number of levels of this place that you have seen.
                   A       B       C       D       E      F
               +-------+-------+-------+-------+-------+----------------------
         Total | 100.0 | 100.0 |  -nan |  -nan | 100.0 | 182.2
       Dungeon | 100.0 | 100.0 |  -nan |  -nan | 100.0 | 182.2
               +-------+-------+-------+-------+-------+----------------------

Vanquished Creatures
  A slave (D:4)
  An ogre (D:4)
  Blork the orc (D:4)
  2 orc wizards (D:4)
  5 worker ants (D:4)
  Jessica (D:2)
  6 adders
  2 giant mites
  A worm (D:2)
  2 giant geckos
  16 orcs
  5 bats
  10 giant cockroaches
  7 goblins
  7 hobgoblins
  5 kobolds
  A quokka (D:2)
  A ball python (D:1)
  4 giant newts
  13 rats
91 creatures vanquished.

Notes
Turn   | Place    | Note
--------------------------------------------------------------
     0 | D:1      | gw, the Troll Conjurer, began the quest for the Orb.
     0 | D:1      | Reached XP level 1. HP: 16/16 MP: 2/2
    44 | D:1      | Reached skill level 3 in Conjurations
    44 | D:1      | Reached XP level 2. HP: 24/24 MP: 0/2
    80 | D:1      | Learned a level 2 spell: Searing Ray
   802 | D:1      | Reached XP level 3. HP: 29/31 MP: 0/4
  1384 | D:2      | Found a basalt altar of Yredelemnul.
  1398 | D:2      | Found an iron altar of Okawaru.
  1398 | D:2      | Found a burning altar of Makhleb.
  1398 | D:2      | Found a white marble altar of Elyvilon.
  1398 | D:2      | Noticed Jessica
  1408 | D:2      | Killed Jessica
  1408 | D:2      | Reached skill level 1 in Unarmed Combat
  1483 | D:2      | Found a stormy altar of Qazlal.
  1898 | D:2      | Found a sacrificial altar of Ru.
  2089 | D:2      | Learned a level 3 spell: Dazzling Spray
  2114 | D:2      | Reached XP level 4. HP: 40/40 MP: 3/5
  2496 | D:2      | Reached skill level 1 in Fighting
  2621 | D:2      | Gained mutation: You are dopey. (Int -2) [potion of mutation]
  2621 | D:2      | Gained mutation: You can spit poison. [potion of mutation]
  2621 | D:2      | Gained mutation: You passively map a small area around you. [potion of mutation]
  3468 | D:3      | Found a white marble altar of Elyvilon.
  3484 | D:3      | Reached XP level 5. HP: 48/48 MP: 0/6
  3559 | D:3      | Found a snail-covered altar of Cheibriados.
  3993 | D:3      | Lost mutation: You can spit poison. [potion of cure mutation]
  3993 | D:3      | Lost mutation: You are dopey. (Int -2) [potion of cure mutation]
  3993 | D:3      | Lost mutation: You passively map a small area around you. [potion of cure mutation]
  4355 | D:4      | Noticed an ogre
  4400 | D:4      | Killed an ogre
  4400 | D:4      | Reached XP level 6. HP: 49/55 MP: 5/8
  4441 | D:4      | Learned a level 4 spell: Iskenderun's Mystic Blast
  4889 | D:4      | Got a dull robe
  4903 | D:4      | Identified the +4 robe "Psonoang" {Contam +Inv rPois MR+} (You found it on level 4 of the Dungeon)
  5121 | D:4      | Noticed Blork the orc
  5162 | D:4      | Killed Blork the orc
  5474 | D:4      | Noticed Pikel
  5474 | D:4      | Noticed a slave
  5474 | D:4      | Noticed a slave
  5474 | D:4      | Noticed a slave
  5474 | D:4      | Noticed a slave
  5485 | D:4      | Killed a slave
  5504 | D:4      | HP: 2/57 [slave[Pikel] (4)]
  5507 | D:4      | Slain by a slave

Action                   |  1- 3 |  4- 6 || total
-------------------------+-------+-------++-------
Melee: Unarmed           |    34 |    99 ||   133
Throw: Stone             |    36 |     7 ||    43
 Cast: Magic Dart        |    60 |   167 ||   227
       Dazzling Spray    |       |     4 ||     4
  Use: Potion            |     4 |     6 ||    10
       Scroll            |     2 |     2 ||     4
  Eat: Chunk             |    25 |    37 ||    62

Vault maps used:
D:1:      lemuel_arrival_lava_pool, serial_bayou_pond_e
D:2:      hangedman_ru_absence, grunt_temple_overflow_open,
          columned_hall_lemuel, nicolae_qazlal_eye_of_the_storm, uniq_jessica
D:3:      cheibriados_altar_1, elyvilon_altar_4
D:4:      uniq_pikel, uniq_blork_the_orc
